AoeStats
← Flowrider

Arabia

508758350Analyzed
2v2 RM · 7d ago on Sep 23, 2026· 21m 11s· 4 players
Game mode
Random Map
Map size
Medium (4 player)
Population
200
Speed
Normal
Resources
Standard
Victory
Conquest
Starting age
Dark Age
Ending age
Imperial Age
RankedLock teamsTeams togetherTeam positionsShared explorationLock speedFull tech treeHidden civsTurbo modeCheats
Victory
Defeat
🇩🇪 Goths · Germany
782
+17
🇧🇷 Magyars · Brazil
755
+17
🇦🇷 Byzantines · Argentina
792
-17
🇦🇷 Inca · Argentina
792
-17
Flowrider
11:58 Feudal Age
12:32 Double-Bit Axe
12:53 Horse Collar
15:14 Gold Mining
15:16 Stone Mining
21:26 Castle Age
pablo.formigoni41
1:16 Loom
14:01 Feudal Age
15:40 Horse Collar
16:46 Double-Bit Axe
21:15 Castle Age
19:39 Stone Mining
22:23 Wheelbarrow
21:34 Town Watch
JMA
8:21 Loom
11:52 Feudal Age
12:46 Double-Bit Axe
TATALONGO II
10:27 Feudal Age
10:29 Loom
Connection lost

Rejoining the realm…

Still unreachable

The connection could not be restored.

Session expired

The server has moved on; the page needs a fresh start.